 Dungeon Crawl Stone Soup version 0.20.1-1-g8b1a95d (webtiles) character file.

3070 grizmgrazm2 the Jinx (level 9, -3/57 HPs)
             Began as a Vampire Enchanter on Sept 21, 2017.
             Was an Initiate of Dithmenos.
             Killed from afar by Erica (19 damage)
             ... with an orb of energy
             ... on level 8 of the Dungeon.
             The game lasted 00:28:30 (10251 turns).

grizmgrazm2 the Jinx (Vampire Enchanter)           Turns: 10251, Time: 00:28:31

Health: -3/57      AC:  0    Str:  7    XL:     9   Next: 58%
Magic:  0/17       EV: 23    Int: 20    God:    Dithmenos [......]
Gold:   134        SH:  0    Dex: 20    Spells: 3/18 levels left

rFire    . . .     SeeInvis +   (weapon currently unavailable)
rCold    + + .     Gourm    .   (shield currently unavailable)
rNeg     + + +     Faith    .   (armour currently unavailable)
rPois    ∞         Spirit   .   (helmet currently unavailable)
rElec    .         Reflect  .   (cloak currently unavailable)
rCorr    .         Harm     .   (gloves currently unavailable)
MR       .....                  (boots currently unavailable)
Stlth    ++++++....             (no amulet)
Regen    0.0/turn               (ring currently unavailable)
MPRegen  0.2/turn               (ring currently unavailable)

@: bat-form, flying, bloodless, non-regenerating, very quick
A: fangs 3, see invisible
a: End Transformation, Renounce Religion


You were on level 8 of the Dungeon.
You worshipped Dithmenos.
Dithmenos was noncommittal.
You were bloodless.
You were in vampire-bat-form.
You visited 2 branches of the dungeon, and saw 9 of its levels.
You also visited: Bailey.

You collected 308 gold pieces.
You spent 174 gold pieces at shops.

Inventory:

Hand Weapons
 v - a +3 dagger (melded)
Armour
 f - a +0 cloak (melded)
 m - a +2 helmet (melded)
 w - a +2 robe of magic resistance (melded)
Jewellery
 h - a +3 ring of slaying (melded)
 k - a +2 ring of dexterity (melded)
Wands
 r - a wand of confusion (17/48)
 u - a wand of polymorph (7/24)
Scrolls
 a - a scroll of teleportation
 n - a scroll of recharging
 p - 5 scrolls of identify
Potions
 d - 14 potions of blood
 e - a potion of ambrosia
 g - a potion of heal wounds
 i - a potion of cancellation
 l - 2 potions of curing
 o - a potion of flight
 t - a potion of haste
Books
 c - a book of Maledictions

   Spells                             Type                      Level
   a - Corona                         Hexes                        1
   b - Ensorcelled Hibernation        Hexes/Ice                    2
   c - Confuse                        Hexes                        3
   d - Tukima's Dance                 Hexes                        3
   e - Dazzling Spray                 Conjuration/Hexes            3
 j - Jessica's Incunabulum of Good Luck
   (You found it on level 2 of the Dungeon)

   Spells                             Type                      Level
   a - Shroud of Golubria             Charms/Translocation         2
 q - a book of Geomancy

   Spells                             Type                      Level
   a - Sandblast                      Earth                        1
   b - Passwall                       Transmutation/Earth          2
   c - Stone Arrow                    Conjuration/Earth            3
   d - Petrify                        Transmutation/Earth          4
   e - Lee's Rapid Deconstruction     Earth                        5
 s - a book of Party Tricks

   Spells                             Type                      Level
   a - Summon Butterflies             Summoning                    1
   b - Apportation                    Translocation                1
   c - Lesser Beckoning               Translocation                3
   d - Tukima's Dance                 Hexes                        3
   e - Alistair's Intoxication        Transmutation/Poison         5
   f - Invisibility                   Hexes                        6


   Skills:
 + Level 4.1 Short Blades
 + Level 4.5 Dodging
 + Level 9.2 Stealth
 * Level 5.4 Spellcasting
 * Level 9.4 Hexes
 + Level 4.8 Charms
 + Level 0.6 Summonings
 + Level 2.6 Translocations
 + Level 2.2 Transmutations
 + Level 3.6 Ice Magic
 + Level 1.6 Earth Magic


You had 3 spell levels left.
You knew the following spells:

 Your Spells              Type           Power        Failure   Level  Hunger
a - Ensorcelled Hibernat  Hex/Ice        ####..       1%          2    None
b - Confuse               Hex            #####...     1%          3    ##.....
c - Shroud of Golubria    Chrm/Tloc      ###.......   3%          2    None
d - Tukima's Dance        Hex            #####...     1%          3    ##.....
e - Corona                Hex            #####..      1%          1    None
f - Passwall              Tmut/Erth      ##........   8%          2    None
g - Apportation           Tloc           ###...       3%          1    None
h - Summon Butterflies    Summ           #.......     9%          1    None


Dungeon Overview and Level Annotations

Branches:
Dungeon (8/15)             Temple (1/1) D:7
   Lair: D:8-11

Altars:
Ashenzari
Cheibriados
Dithmenos
Elyvilon
Fedhas
Gozag
Hepliaklqana
Kikubaaqudgha
Makhleb
Nemelex Xobeh
Okawaru
Qazlal
Ru
Sif Muna
Trog
Uskayaw
Vehumet
Xom
Yredelemnul
Zin
The Shining One

Shops:
D:5 *   D:7 [

Annotations:
D:8 Erica


Innate Abilities, Weirdness & Mutations

You do not heal naturally.
You are immune to poison.
You have razor-sharp teeth.
You have supernaturally acute eyesight. (SInv)
((You can survive without breathing.))


Message History

There is an open door here.
Evoke which item? (* to show all) (? for menu, Esc to quit)
Aiming: Confuse (will waste charges)
Press: ? - help, Shift-Dir - straight line, f/p - Erica
Aim: Erica, wielding a scimitar of flaming and wearing an embroidered robe (chance to defeat MR: 15%) Erica resists with almost no effort.
Evoking this partially-identified wand wasted a few charges.
Erica is nearby!
You turn into a vampire bat.
Your +3 dagger melds into your body.
Your +0 cloak melds into your body.
Your +2 helmet melds into your body.
Your +2 robe of magic resistance melds into your body.
Your +3 ring of slaying melds into your body.
Your +2 ring of dexterity melds into your body.
You feel less resistant to hostile enchantments.
You feel clumsy. Erica casts a spell at you. The bolt of poison hits you!
You resist. Erica gestures at you while chanting. The orb of energy hits you!
You die...

#........... #.. ..#...........
#... ..#........... #...
....#........... #######...
#...#...........
#........#######...#...........
#........#.........#....<......
#........#.........#.....#####.
#........'@...b....#.....# #.
#........#.........#.....# #.
#........#.........#.....# #.
##........#...###[..#.....# #.
#......#'##...###...#.....# #.
#......#.......#....'.....# #.
#......#.÷.....#....#)....# #.
#......#.......#....#..(..# #.
#......#.......#....#.....#####.


You could see Erica.

Vanquished Creatures
  Edmund (D:5)
  A black bear (D:7)
  2 ice beasts
  2 phantoms
  A sky beast (D:6)
  7 ogres
  The ghost of Chisa the Stinger, an amateur NaVM (D:3)
  5 centaurs
  3 bullfrogs
  2 scorpions
  3 wights (D:8)
  2 howler monkeys
  2 crimson imps
  A hound (D:4)
  3 orc wizards
  2 orc priests (D:6)
  5 bullfrog skeletons
  Jessica (D:2)
  A worker ant (D:5)
  A hound zombie (D:8)
  A hound skeleton (D:6)
  6 gnolls
  11 adders
  A shadow imp (D:5)
  2 oozes
  2 adder skeletons (D:4)
  7 worms
  4 dart slugs
  8 leopard geckos
  17 orcs
  7 bats
  4 giant cockroaches
  11 goblins
  7 hobgoblins
  5 jackals (D:3)
  6 kobolds
  3 quokkas
  A ball python (D:5)
  A ball python skeleton (D:4)
  5 frilled lizards
  A quokka skeleton (D:4)
  9 rats
165 creatures vanquished.

Vanquished Creatures (collateral kills)
  An ogre (D:6)
  A worker ant (D:6)
  4 orcs
6 creatures vanquished.

Grand Total: 171 creatures vanquished

Notes
Turn   | Place    | Note
-------+----------+-------------------------------------------
     0 | D:1      | grizmgrazm2 the Vampire Enchanter began the quest for the Orb.
     0 | D:1      | Reached XP level 1. HP: 13/13 MP: 3/3
   200 | D:1      | Reached XP level 2. HP: 19/19 MP: 3/5
   205 | D:1      | Learned a level 2 spell: Ensorcelled Hibernation
   594 | D:1      | Reached skill level 5 in Hexes
   724 | D:1      | Reached XP level 3. HP: 24/24 MP: 1/6
   872 | D:1      | Learned a level 3 spell: Confuse
  1043 | D:2      | Reached skill level 5 in Stealth
  1293 | D:2      | Reached XP level 4. HP: 30/30 MP: 8/8
  1411 | D:2      | Noticed Jessica
  1416 | D:2      | Killed Jessica
  1424 | D:2      | Identified Jessica's Incunabulum of Good Luck
  1429 | D:2      | Learned a level 2 spell: Shroud of Golubria
  1913 | D:3      | Reached XP level 5. HP: 35/35 MP: 9/9
  2098 | D:3      | Noticed an ogre
  2629 | D:3      | Reached skill level 1 in Charms
  2727 | D:3      | Noticed Chisa's ghost (amateur NaVM)
  3612 | D:3      | Killed an ogre
  3612 | D:3      | Reached skill level 1 in Ice Magic
  3612 | D:3      | Reached XP level 6. HP: 40/41 MP: 3/11
  3731 | D:3      | Learned a level 3 spell: Tukima's Dance
  3769 | D:3      | Killed Chisa's ghost
  4001 | D:3      | Reached skill level 1 in Translocations
  4587 | D:4      | Reached XP level 7. HP: 46/46 MP: 9/12
  4639 | D:5      | Entered Level 5 of the Dungeon
  5929 | D:5      | Reached XP level 8. HP: 52/52 MP: 10/14
  6041 | D:5      | Found Boquotog's Assorted Antiques.
  6735 | D:5      | Bought a scroll of identify for 58 gold pieces
  6735 | D:5      | Bought a scroll of identify for 58 gold pieces
  6735 | D:5      | Bought a scroll of identify for 58 gold pieces
  7703 | D:5      | Noticed Edmund
  7723 | D:5      | Killed Edmund
  8488 | D:6      | Reached skill level 5 in Spellcasting
  8602 | D:6      | Reached XP level 9. HP: 57/57 MP: 16/16
  8770 | D:6      | Learned a level 2 spell: Passwall
  8886 | D:7      | Found Zisi's Antique Armour Shoppe.
  8891 | D:7      | Learned a level 1 spell: Apportation
  8893 | D:7      | Learned a level 1 spell: Summon Butterflies
  8915 | D:7      | Found a staircase to the Ecumenical Temple.
  8921 | Temple   | Entered the Ecumenical Temple
  9003 | Temple   | Became a worshipper of Dithmenos the Shadowed
  9046 | D:7      | Reached skill level 1 in Earth Magic
  9097 | D:7      | Found a flagged portal.
  9104 | D:7      | Reached skill level 1 in Transmutations
  9108 | Bailey   | Entered a bailey
  9108 | Bailey   | Noticed an orc knight
  9109 | Bailey   | Noticed an orc knight
 10229 | D:8      | Noticed Erica
 10251 | D:8      | Killed from afar by Erica

Skill      XL: |  1  2  3  4  5  6  7  8  9 |
---------------+----------------------------+-----
Hexes          | 5 6 7 8 9 |  9.4
Stealth        | 5 6 7 8 9 |  9.2
Spellcasting   | 3 4 5 |  5.4
Charms         | 1 2 3 4 |  4.8
Ice Magic      | 1 2 3 |  3.6
Dodging        | 3 4 |  4.5
Translocations | 1 2 |  2.6
Short Blades   | 2 3 4 |  4.1
Earth Magic    | 1 |  1.6
Transmutations | 2 |  2.2
Summonings     | |  0.6

Action                   |  1- 3 |  4- 6 |  7- 9 || total
-------------------------+-------+-------+-------++-------
Melee: Dagger            |    56 |   155 |   131 ||   342
       Bite              |       |     7 |     8 ||    15
       Unarmed           |       |     1 |       ||     1
 Cast: Corona            |     2 |       |       ||     2
       Ensorcelled Hiber |    20 |    54 |    53 ||   127
       Confuse           |       |     9 |    38 ||    47
       Tukima's Dance    |       |     2 |    12 ||    14
 Abil: Bat Form          |       |     3 |     3 ||     6
       End Transformatio |       |     3 |     2 ||     5
Evoke: Wand              |       |       |     1 ||     1
  Use: Potion            |     4 |     5 |     7 ||    16
       Scroll            |     2 |     9 |     9 ||    20
 Stab: Sleeping          |    29 |    47 |    46 ||   122
       Confused          |       |     3 |    17 ||    20
       Distracted        |       |       |     1 ||     1
Armor: Robe              |     7 |    26 |    16 ||    49
Dodge: Dodged            |    26 |    77 |    76 ||   179
